 Dungeon Crawl Stone Soup version 0.14-a0-1811-gdc2d5af (webtiles) character file.

280 Piginabag the Ducker (level 5, 0/41 HPs)
             Began as a Demonspawn Monk on Jan 8, 2014.
             Succumbed to a worker ant's poison
             ... on Level 5 of the Dungeon.
             The game lasted 00:06:21 (2783 turns).

Piginabag the Ducker (Demonspawn Monk)              Turns: 2783, Time: 00:06:22

HP   0/41        AC  8     Str 12      XL: 5   Next:  1%
MP   5/5         EV  7     Int 11      God:
Gold 142         SH  0     Dex 16      Spells:  0 memorised,  4 levels left

rFire  . . .     SeeInvis .       - Unarmed
rCold  . . .     Clarity  .     k - +1 scale mail
rNeg   . . .     Conserve .     (no shield)
rPois  .         rCorr    .     (no helmet)
rElec  .         rRot     .     (no cloak)
SustAb . .       Spirit   .     (no gloves)
rMut   .         Warding  .     (no boots)
Saprov . . .     Stasis   .     (no amulet)
                                (no ring)
                                (no ring)

@: mildly poisoned, slightly resistant to hostile enchantments, extremely
unstealthy
A: hooves 1, molten scales 1, spiny 1
a: no special abilities


You were on level 5 of the Dungeon.
You were not hungry.

You visited 1 branch of the dungeon, and saw 6 of its levels.

You collected 142 gold pieces.

Inventory:

Armour
 a - a +0 robe
 k - a +1 scale mail (worn)
 t - a +0 helmet
Magical devices
 n - a wand of magic darts (8) {unknown}
 u - a wand of digging (6) {unknown}
Comestibles
 b - 5 bread rations
 m - 3 rotting chunks of hobgoblin flesh
Scrolls
 c - a scroll of amnesia
 d - 2 scrolls of curse jewellery {unknown}
 h - a scroll of magic mapping {unknown}
 i - a scroll of enchant armour {unknown}
 l - a scroll of noise
 r - a scroll of blinking {unknown}
Jewellery
 e - an uncursed ring of wizardry {unknown}
 o - a +2 ring of evasion {unknown}
Potions
 g - a potion of speed
 q - 2 potions of cure mutation
 s - a potion of might {unknown}


   Skills:
 + Level 3.5 Fighting
 + Level 2.3 Armour
 + Level 3.9 Dodging
 + Level 2.1 Stealth
 - Level 3.6 Unarmed Combat


You had 4 spell levels left.
You didn't know any spells.

Dungeon Overview and Level Annotations

Branches:
Dungeon (6/16)
 Temple: D:4-7

Altars:


Innate Abilities, Weirdness & Mutations

You have large cloven feet.
You are partially covered in molten scales (AC +1).
You are partially covered in sharp spines.


Message History

You have reached level 5!
Your demonic ancestry asserts itself...
Your feet thicken and deform.
Drink which item? (? for menu, Esc to quit)
Okay, then.
You start resting.
* * * LOW HITPOINT WARNING * * *
You feel sick.
You start resting.
* * * LOW HITPOINT WARNING * * *
You feel sick.
You start resting.
* * * LOW HITPOINT WARNING * * *
You feel sick.
You start resting.
* * * LOW HITPOINT WARNING * * *
You feel sick.
You feel a little better.
You start resting.
You die...

...
#.......
#.>.....#
#.......#
#.......#
#.......#
#.......#
#.......#
#..@....#
#.......#
#.......#
#.......#
#.......#
#.......#
#.......#
#.......
...


There were no monsters in sight!

Vanquished Creatures
  2 worker ants
  4 adders
  An inept feature mimic (D:2)
  A giant gecko (D:1)
  2 oozes
  3 orcs (D:3)
  A ball python (D:2)
  A giant cockroach (D:1)
  5 hobgoblins
  6 bats
  2 giant newts
  4 goblins (D:1)
  8 kobolds
  12 rats
52 creatures vanquished.

Notes
Turn   | Place    | Note
--------------------------------------------------------------
     0 | D:1      | Piginabag, the Demonspawn Monk, began the quest for the Orb.
     0 | D:1      | Reached XP level 1. HP: 18/18 MP: 1/1
   306 | D:1      | Gained mutation: You are partially covered in sharp spines. [demonic ancestry]
   306 | D:1      | Reached XP level 2. HP: 22/24 MP: 2/2
  1263 | D:2      | Gained mutation: You are partially covered in molten scales (AC +1). [demonic ancestry]
  1263 | D:2      | Reached XP level 3. HP: 13/29 MP: 3/3
  1730 | D:3      | Reached skill level 1 in Armour
  2106 | D:4      | Reached XP level 4. HP: 30/35 MP: 4/4
  2744 | D:5      | Entered Level 5 of the Dungeon
  2776 | D:5      | Gained mutation: You have large cloven feet. [demonic ancestry]
  2776 | D:5      | Reached XP level 5. HP: 4/41 MP: 5/5
  2779 | D:5      | HP: 2/41 [poisoned by a worker ant]
  2783 | D:5      | Succumbed to a worker ant's poison

Action                   |  1- 3 |  4- 6 || total
-------------------------+-------+-------++-------
Melee: Unarmed           |   161 |    73 ||   234
  Use: Scroll            |     3 |     5 ||     8
       Potion            |     2 |     3 ||     5
 Stab: Sleeping          |     1 |       ||     1
